 Dungeon Crawl Stone Soup version 0.31-a0-210-gccc998df9b (webtiles) character file.

Game seed: 10112318527369741852

38 qw the Chopper (level 3, 0/23 HPs)
             Began as a Gargoyle Fighter on June 30, 2023.
             Slain by Sigmund
             ... wielding a +2 scythe of venom
              (7 damage)
             ... on level 2 of the Dungeon.
             The game lasted 00:00:36 (1181 turns).

qw the Chopper (Gargoyle Fighter)                   Turns: 1181, Time: 00:00:36

Health: 0/23       AC: 10    Str: 21    XL:     3   Next: 43%
Magic:  3/3        EV:  9    Int:  8    God:
Gold:   40         SH:  5    Dex: 15    Spells: 2/2 levels left

rFire   . . .        Y - +0 war axe
rCold   . . .        c - +0 buckler
rNeg    + . .        b - +0 scale mail
rPois   inf          (no helmet)
rElec   +            (no cloak)
rCorr   .            (no gloves)
SInv    .            (no boots)
Will    .....        (no amulet) Stlth
                     h - +6 ring of dexterity
HPRegen 0.23/turn    (no ring)
MPRegen 0.08/turn

%: no passive effects
@: no status effects
A: sickness immunity, AC +3, negative energy resistance 1, electricity
resistance, torment resistance 1, petrification resistance
a: no special abilities


You were on level 2 of the Dungeon.
You visited 1 branch of the dungeon, and saw 2 of its levels.

You collected 40 gold pieces.


Innate Abilities, Weirdness & Mutations

You are immune to sickness and miasma.
Your stone body is resilient. (AC +3)
You are immune to poison.
You resist negative energy. (rN+)
You are resistant to electric shocks. (rElec)
You are resistant to unholy torment.
You are immune to petrification.


   Skills:
 - Level 3.2 Fighting
 - Level 3.3 Axes
 - Level 3.2 Armour
 + Level 0.0 Dodging
 - Level 3.2 Shields


You had 2 spell levels left.
You didn't know any spells.
Your spell library was empty.

Inventory:

Hand Weapons
 f - a +0 club
 Y - a +0 war axe (weapon)
Armour
 b - a +0 scale mail (worn)
 c - a +0 buckler (worn)
Jewellery
 h - a +6 ring of dexterity (left hand)
Scrolls
 a - a scroll of acquirement {unknown}
Potions
 d - a potion of might

Dungeon Overview and Level Annotations

Branches:
Dungeon (2/15)

Altars:
Trog

Annotations:
D:2 Natasha, Sigmund


Message History

You see here a +0 buckler.
There is a stone staircase leading down here.
You climb downwards.
There is a stone staircase leading up here.
Waypoint 1 assigned to D:2.
An endoplasm comes into view.
The endoplasm quivers.
You hit the endoplasm.
The endoplasm is lightly wounded.
You block the endoplasm's attack.
You slash the endoplasm!
You kill the endoplasm!
Found an escape hatch in the ceiling.
There is an escape hatch in the ceiling here.
a - a scroll labelled LID MOATRINGU You open the door.
Sigmund the Dreaded comes into view.
He is wielding a +2 scythe of venom.
Sigmund shouts!
You hear an angry hiss.
Sigmund hits you but does no damage.
Natasha, Servant of Life and Death comes into view.
Sigmund hits you but does no damage.
There is an open door here.
You barely miss Sigmund. Sigmund gestures at you while chanting.
You are confused.
Sigmund drinks a potion.
Sigmund seems to speed up.
Sigmund points at you and mumbles some strange words.
The magic dart hits you.
Natasha growls.
Sigmund hits you but does no damage.
Sigmund hits you with a +2 scythe of venom.
Sigmund hits you with a +2 scythe of venom.
Sigmund points at you and mumbles some strange words.
The magic dart hits you. Sigmund hits you but does no damage.
You feel less confused. Sigmund hits you but does no damage.
You hit Sigmund.
Sigmund is lightly wounded.
Sigmund hits you with a +2 scythe of venom!
You die...

#.. ... #.# ... #.#
#h# #@# #..#
#####@#######..#
#..........##..#.#
#..........##..#.#
#..........##..#.#
#..........##..#.#
#.#..........##..#.#
#.......#######.<#.#
#####....######.##.#
#..............#


You could see Sigmund (fast) and Natasha.

Vanquished Creatures
  3 bats (D:1)
  3 endoplasms
  A giant cockroach (D:1)
  7 goblins (D:1)
  2 hobgoblins (D:1)
  4 jackals (D:1)
  5 kobolds (D:1)
  2 quokkas (D:1)
  2 frilled lizards (D:1)
  3 rats (D:1)
32 creatures vanquished.

Notes
Turn   | Place    | Note
-------+----------+-------------------------------------------
     0 | D:1      | qw the Gargoyle Fighter began the quest for the Orb.
     0 | D:1      | Reached XP level 1. HP: 14/14 MP: 1/1
     0 | D:1      | 0 ||| qw: Version: 0.3-a-26-gee661ec
     0 | D:1      | 0 ||| qw: Game counter: 7300
     0 | D:1      | 0 ||| qw: Melee chars always use a shield: true
     0 | D:1      | 0 ||| qw: God list: Okawaru
     0 | D:1      | 0 ||| qw: Allow faded altars: false
     0 | D:1      | 0 ||| qw: Do Orc after clearing Dungeon:15 true
     0 | D:1      | 0 ||| qw: Do second Lair branch before Depths: true
     0 | D:1      | 0 ||| qw: Lair rune preference: random
     0 | D:1      | 0 ||| qw: Goals: Normal, Zot:1-4, Slime:5, God:TSO, Crypt,
                  | Tomb, Abyss, Pan, Hells, Win
     0 | D:1      | 0 ||| PLANNING D:1-11
   179 | D:1      | Reached XP level 2. HP: 18/19 MP: 2/2
   213 | D:1      | 213 ||| Stepping ~*~*~tactically~*~*~ (hiding).
   387 | D:1      | Reached skill level 3 in Axes
   441 | D:1      | Reached XP level 3. HP: 23/23 MP: 3/3
   662 | D:1      | 662 ||| Stepping ~*~*~tactically~*~*~ (stealth).
   919 | D:1      | 919 ||| UPGRADING to +6 ring of dexterity.
   920 | D:1      | 920 ||| READING scroll labelled LAM AL VESE.
  1030 | D:1      | 1030 ||| READING 2 scrolls labelled VYTATINASSUD.
  1069 | D:1      | 1069 ||| READING scroll labelled CUEDIU SEOVO.
  1070 | D:1      | Found a bloodstained altar of Trog.
  1072 | D:1      | 1072 ||| DROPPING scroll of poison.
  1171 | D:2      | Noticed Sigmund
  1171 | D:2      | Noticed Natasha
  1181 | D:2      | Slain by Sigmund

Levels and vault maps discovered:
D:1:      dpeg_arrival_lava_altar, layout_loops_ring, serial_forest,
          infiniplex_forest_corner_1, infiniplex_forest_lined_2,
          infiniplex_forest_clump_diagonal, infiniplex_forest_diagonal,
          infiniplex_forest_lined_room_2, infiniplex_forest_lined_3,
          infiniplex_forest_clump_small, infiniplex_forest_clump_small
D:2:      layout_basic, uniq_sigmund, uniq_natasha

Skill      XL: |  1  2 |
---------------+-------+-----
Axes           | 2 3 |  3.3
Fighting       | |  3.2
Armour         | |  3.2
Shields        | |  3.2

Action                     || total
---------------------------++-------
  Melee: War axe           ||   106
    Use: Scroll            ||     3
 Armour: Scale mail        ||    66
  Dodge: Dodged            ||    45
  Block: Buckler           ||    14

Table legend:
 A = Non-vault XP
 B = Vault XP
 C = Vault XP percentage of total XP
 D = Non-vault monster count
 E = Vault monster count
 F = Vault count percentage of total count
                 A         B        C        D         E       F
            +---------+---------+-------+---------+---------+-------
      Total |      55 |       0 |   0.0 |      32 |       0 |   0.0
            +---------+---------+-------+---------+---------+-------
        D:1 |      53 |       0 |   0.0 |      31 |       0 |   0.0
        D:2 |       2 |       0 |   0.0 |       1 |       0 |   0.0
            +---------+---------+-------+---------+---------+-------
